 Dungeon Crawl Stone Soup version 0.31-a0-1005-gfbdfbacc72 (webtiles) character file.

Game seed: 10531378459754974211

70879 Avanven the Wrestler (level 15, 0/157 HPs)
             Began as a Merfolk Shapeshifter on Nov 11, 2023.
             Was the Champion of Qazlal.
             Slain by a skyshark (19 damage)
             ... on level 1 of the Shoals.
             The game lasted 01:07:18 (20211 turns).

Avanven the Wrestler (Merfolk Shapeshifter)        Turns: 20211, Time: 01:07:19

Health: 0/157      AC: 15    Str: 21    XL:     15   Next: 34%
Magic:  18/18      EV: 16    Int: 11    God:    Qazlal [******]
Gold:   1672       SH:  8    Dex: 13    Spells: 14/14 levels left

rFire   . .          .
                       - Unarmed
rCold   . . .        (shield currently unavailable)
rNeg    . . .        A - +1 steam dragon scales
rPois   +            m - +0 helmet
rElec   .            t - +0 cloak
rCorr   .            (gloves currently unavailable)
SInv    .            o - +0 pair of boots
Will    +....        l - amulet of regeneration Stlth
                     G - ring of poison resistance
HPRegen 1.26/turn    s - +4 ring of protection
MPRegen 0.16/turn

%: repel missiles
@: berserking, blade hands, protected from physical damage, very quick
A: (nimble swimmer 2), mertail
a: Begin Untransformation, Renounce Religion, Upheaval, Elemental Force,
Disaster Area


You were on level 1 of the Shoals.
You worshipped Qazlal.
Qazlal was exalted by your worship.
You had blades for hands.
You visited 5 branches of the dungeon, and saw 21 of its levels.

You collected 1737 gold pieces.
You spent 65 gold pieces at shops.

Inventory:

Missiles
 h - 2 throwing nets
Armour
 m - a +0 helmet (worn)
 o - a +0 pair of boots (worn)
 t - a +0 cloak (worn)
 A - +1 steam dragon scales (worn)
Jewellery
 e - a +5 ring of evasion
 l - an amulet of regeneration (around neck)
 n - a ring of flight
 r - a ring of protection from fire
 s - a +4 ring of protection (right blade hand)
 D - a +6 ring of dexterity
 G - a ring of poison resistance (left blade hand)
 M - an amulet of guardian spirit
 N - a ring of protection from cold
Talismans
 c - a beast talisman
 d - a flux talisman
 J - a blade talisman (active)
Wands
 j - a wand of flame (21)
 u - a wand of digging (6)
 B - a wand of polymorph (9)
 H - a wand of quicksilver (15)
Scrolls
 a - 2 scrolls of revelation
 g - a scroll of amnesia
 k - 9 scrolls of identify
 p - 4 scrolls of enchant weapon
 q - a scroll of poison
 x - 4 scrolls of teleportation
 y - a scroll of immolation
 C - 2 scrolls of fog
 I - 4 scrolls of torment
Potions
 f - 3 potions of might
 i - 4 potions of curing
 v - 3 potions of cancellation
 w - 3 potions of lignification
 z - 3 potions of brilliance
 E - a potion of attraction
 F - a potion of haste
 L - a potion of mutation


   Skills:
 + Level 6.0 Fighting
 - Level 10.4 Dodging
 * Level 21.6 Unarmed Combat
 - Level 5.2 Invocations
 + Level 17.3 Shapeshifting


You had 14 spell levels left.
You didn't know any spells.
Your spell library contained the following spells:

 Spells                   Type           Power      Damage    Failure   Level
 Sandblast                Erth           0%         2d4       34%         1
 Summon Small Mammal      Summ           0%         N/A       34%         1
 Cigotuvi's Dreadful Rot  Necr/Pois/Air  0%         N/A       47%         2
 Ensorcelled Hibernation  Hex/Ice        0%         N/A       47%         2
 Jinxbite                 Hex            0%         N/A       47%         2
 Lesser Beckoning         Tloc           0%         N/A       47%         2
 Passwall                 Tmut/Erth      0%         N/A       47%         2
 Static Discharge         Conj/Air       0%         3-3/arc   47%         2
 Call Canine Familiar     Summ           0%         N/A       71%         3
 Gell's Gravitas          Tloc           0%         N/A       71%         3
 Ignite Poison            Fire/Tmut/Pois 0%         N/A       71%         3
 Stone Arrow              Conj/Erth      0%         3d7       71%         3
 Summon Guardian Golem    Hex/Summ       0%         N/A       71%         3
 Teleport Other           Tloc           0%         N/A       71%         3
 Airstrike                Air            0%         2d(0-16)  98%         4
 Anguish                  Hex/Necr       0%         N/A       98%         4
 Brom's Barrelling Bould  Conj/Erth      0%         2d3       98%         4
 Manifold Assault         Tloc           0%         N/A       98%         4
 Passage of Golubria      Tloc           0%         N/A       98%         4
 Summon Lightning Spire   Summ/Air       0%         N/A       98%         4
 Vhi's Electric Charge    Tloc/Air       0%         N/A       98%         4
 Arcjolt                  Conj/Air       0%         1d10      100%        5
 Freezing Cloud           Conj/Ice/Air   0%         6-21      100%        5
 Silence                  Hex/Air        0%         N/A       100%        5
 Dispersal                Tloc           0%         N/A       100%        6
 Plasma Beam              Fire/Air       0%         2x1d10    100%        6
 Lehudib's Crystal Spear  Conj/Erth      0%         10d2      100%        8


Dungeon Overview and Level Annotations

Branches:
Dungeon (11/15)            Temple (1/1) D:7            Lair (5/5) D:11
 Shoals (2/4) Lair:3        Snake (0/4) Lair:2        Slime (0/5) Lair:4
    Orc (2/2) D:9             Elf (0/3) Orc:2

Altars:
Ashenzari
Cheibriados
Dithmenos
Elyvilon
Fedhas
Gozag
Hepliaklqana
Kikubaaqudgha
Makhleb
Nemelex Xobeh
Okawaru
Qazlal
Ru
Sif Muna
Trog
Uskayaw
Vehumet
Wu Jian
Xom
Yredelemnul
Zin
The Shining One
Jiyva

Shops:
Orc:2 [:=?:!(

Annotations:
D:8 2 transporters, Grum; pzskc383's ghost, novice GrFi
D:9 3 runed translucent doors, Dado's ghost, journeyman GnWn; kskgo's ghost, novice DjFE; pzskc383's ghost, journeyman GrFi
Lair:3 2 transporters, stendehmen's ghost, journeyman DjFE
Lair:5 2 runed translucent doors, exclusion: 3 doors, gasfasgas's ghost, journeyman HuBe
Shoals:2 Polyphemus


Innate Abilities, Weirdness & Mutations

You have blades for hands.
You are incapable of wielding weapons or throwing items.
((You are very nimble when in or above water. (Stealth+, EV+, Speed+++)))
Your lower body shifts to a powerful aquatic tail in water.


Message History

You barely miss the sea snake.
The sea snake is severely wounded.
You block the skyshark's attack. The skyshark completely misses you. x2
The merfolk hits the plant with a +0 trident!!
You block the skyshark's attack.
The skyshark tail-slaps you but does no damage.
The skyshark closely misses you.
The merfolk hits the plant with a +0 trident.
The sea snake is engulfed in blazing flames.
The sea snake bites you!
You shred the sea snake!!!
You kill the sea snake!
Qazlal accepts your kill. The skyshark bites you. The skyshark tail-slaps you.
You feel more protected from physical attacks.
The skyshark barely misses you.
The merfolk hits the plant with a +0 trident!!
Your Fighting skill increases to level 6!
The skyshark bites you!! The skyshark misses you. The skyshark tail-slaps you!
You feel more protected from physical attacks.
The skyshark is engulfed in freezing vapours.
The skyshark seems to slow down.
The skyshark bites you.
* * * LOW HITPOINT WARNING * * *
The skyshark tastes blood and grows stronger!
The skyshark misses you. The skyshark completely misses you.
You block the merfolk's attack.
The merfolk hits the plant with a +0 trident.
You climb upwards.
There is a stone staircase leading down here.
Okay, then.
A red film seems to cover your vision as you go berserk!
You feel yourself moving faster!
You feel mighty! The skyshark bites you!!
* * * LOW HITPOINT WARNING * * *
The skyshark barely misses you. x2; The skyshark completely misses you.
The skyshark tail-slaps you.
* * * LOW HITPOINT WARNING * * *
The skyshark tail-slaps you.
* * * LOW HITPOINT WARNING * * *
The skyshark bites you!!
You die...

≈≈≈≈≈≈≈≈≈≈≈≈≈≈≈≈ ≈≈≈≈≈≈≈≈≈≈≈≈≈≈≈≈
≈≈≈≈≈≈≈≈≈≈≈≈≈≈≈≈≈
≈≈≈~~~≈≈≈≈≈≈≈≈≈≈≈≈
≈≈≈~~~~~~≈≈≈≈≈≈≈≈≈≈ ≈≈≈≈≈
≈≈≈≈≈~~.~.~~~~≈≈≈≈≈≈≈≈ ≈≈≈≈≈
≈≈≈≈~~~~..~§○~~≈≈≈≈≈~~ ~≈≈≈≈
≈≈≈≈~~~~~~...~l§≈≈≈≈~~~ ~~≈≈≈
≈≈≈~~~~~~~....@~°~≈≈~~. ~~~≈≈
≈≈~~~~~~.~~.§(.l~~~~~~. .~~~≈
≈≈~~~~~......○☼§.~~~~.. #.~~~~
≈≈~~~≈≈.............~.. #..~~~
≈≈~~~≈~................###.~~~$
≈≈≈≈≈~...>###.............~~~..
≈≈≈≈≈~~....###.....#.~~.~~~≈~~..
≈≈≈~~~~~~~..~~.........~~~~~≈≈≈..
≈≈≈~~~~~~)~~~......~.>~~≈≈≈≈≈≈≈~~


You could see 2 skysharks.

Vanquished Creatures
  The ghost of paps the Slicer, a journeyman DsGl of Gozag (Lair:4)
  A merfolk impaler (Shoals:1)
  Snorg (Orc:1)
  6 hydras
  2 merfolk avatars (Shoals:1)
  Erica (Orc:1)
  A centaur warrior (Shoals:1)
  5 two-headed ogres
  A merfolk aquamancer (Shoals:2)
  16 death yaks
  3 orc high priests (Orc:2)
  Nergalle (Lair:3)
  7 sea snakes
  4 skysharks
  A deep elf pyromancer (D:7)
  5 orc knights (Orc:2)
  2 ugly things
  A cyclops (Shoals:1)
  A manticore (Shoals:1)
  3 orc sorcerers (Orc:2)
  3 oklob plants (D:11)
  2 merfolk sirens (Shoals:1)
  6 black mambas
  Joseph (Lair:1)
  An orange demon (D:8)
  An unseen horror (D:11)
  9 cane toads
  A gargoyle (D:11)
  3 rime drakes
  A torpor snail (D:11)
  3 komodo dragons
  3 polar bears
  A wind drake (Shoals:1)
  5 trolls
  8 merfolk
  3 dream sheep (Shoals:1)
  A blink frog (shapeshifter) (D:9)
  A snapping turtle (Shoals:1)
  15 blink frogs
  Sigmund (D:3)
  4 water elementals
  9 wyverns
  A vampire (D:11)
  A wraith (D:10)
  2 shadows (D:11)
  33 yaks
  An unseen horror simulacrum (D:9)
  A steam dragon (D:7)
  7 vampire mosquitoes (D:11)
  2 basilisks
  3 wargs (Orc:2)
  2 acid dragons
  Edmund (D:4)
  27 water moccasins
  16 orc warriors
  2 black bears
  5 ice beasts
  5 ogres
  18 wolves
  A sky beast (D:7)
  3 centaurs
  A phantom (D:6)
  3 kobold brigands
  16 bullfrogs
  A scorpion (D:6)
  A wight (D:7)
  14 killer bees
  4 howler monkeys
  4 jellies (Lair:4)
  22 orc priests
  6 hounds
  2 sleepcaps
  4 iguanas
  23 orc wizards
  6 adders
  A shadow imp (D:6)
  5 white imps
  4 ufetubi
  2 worms
  3 dart slugs
  79 orcs
  7 endoplasms
  A hobgoblin (D:3)
  3 jackals (D:1)
  5 ball pythons
  4 bats (D:3)
  4 frilled lizards
  3 goblins
  11 kobolds
  3 rats
518 creatures vanquished.

Vanquished Creatures (others)
  An orc priest (Orc:2)
  An orc (D:9)
2 creatures vanquished.

Grand Total: 520 creatures vanquished

Notes
Turn   | Place    | Note
-------+----------+-------------------------------------------
     0 | D:1      | Avanven the Merfolk Shapeshifter began the quest for the
                  | Orb.
     0 | D:1      | Reached XP level 1. HP: 15/15 MP: 1/1
    77 | D:1      | Reached XP level 2. HP: 17/21 MP: 2/2
   236 | D:1      | Reached skill level 4 in Unarmed Combat
   910 | D:2      | Reached XP level 3. HP: 24/26 MP: 3/3
  1161 | D:2      | You fall into a shaft and drop 2 floors!
  1250 | D:3      | Noticed Sigmund
  1724 | D:4      | Reached XP level 4. HP: 28/32 MP: 4/4
  1785 | D:4      | Noticed Edmund
  1822 | D:4      | Killed Edmund
  1823 | D:4      | Reached skill level 5 in Unarmed Combat
  1823 | D:4      | Reached skill level 5 in Shapeshifting
  1823 | D:4      | Reached XP level 5. HP: 26/37 MP: 5/5
  1922 | D:4      | Noticed a black bear
  1926 | D:5      | Entered Level 5 of the Dungeon
  1926 | D:5      | Found an ancient bone altar of Kikubaaqudgha.
  2108 | D:3      | Found a faded altar of an unknown god.
  2233 | D:3      | Reached skill level 6 in Unarmed Combat
  2233 | D:3      | Reached XP level 6. HP: 43/43 MP: 6/6
  2441 | D:3      | Killed Sigmund
  2442 | D:3      | Reached skill level 7 in Unarmed Combat
  2478 | D:3      | Reached XP level 7. HP: 32/48 MP: 7/7
  2657 | D:3      | Found a bloodstained altar of Trog.
  2659 | D:3      | Found a blossoming altar of Fedhas.
  2659 | D:3      | Found a sparkling altar of Nemelex Xobeh.
  2674 | D:3      | Found a hide-covered altar of Uskayaw.
  3907 | D:5      | Reached skill level 8 in Unarmed Combat
  3993 | D:5      | Found a radiant altar of Vehumet.
  4226 | D:5      | Reached XP level 8. HP: 41/54 MP: 8/8
  4711 | D:6      | Reached skill level 9 in Unarmed Combat
  5385 | D:7      | Identified the "Lyda"
  5395 | D:7      | Identified the +4 shortbow of Kiyrphy {speed, rPois MP+9}
  5475 | D:7      | Found a staircase to the Ecumenical Temple.
  5549 | Temple   | Entered the Ecumenical Temple
  5648 | Temple   | Became a worshipper of Qazlal Stormbringer
  5680 | D:7      | Reached skill level 10 in Unarmed Combat
  5758 | D:7      | Found a faded altar of an unknown god.
  5831 | D:7      | Noticed a wyvern
  5837 | D:7      | Killed a wyvern
  5838 | D:7      | Reached XP level 9. HP: 59/59 MP: 9/9
  5961 | D:7      | Reached skill level 11 in Unarmed Combat
  6005 | D:7      | Noticed a deep elf pyromancer
  6010 | D:7      | Killed a deep elf pyromancer
  6018 | D:7      | Reached * piety under Qazlal
  6019 | D:7      | Reached skill level 12 in Unarmed Combat
  6054 | D:7      | Noticed a troll
  6060 | D:7      | Reached skill level 10 in Shapeshifting
  6067 | D:7      | Killed a troll
  6197 | D:7      | Reached XP level 10. HP: 20/65 MP: 10/10
  6672 | D:8      | Found a transporter.
  6676 | D:8      | Noticed pzskc383's ghost (novice GrFi)
  6681 | D:8      | Noticed Grum
  6683 | D:8      | Reached skill level 13 in Unarmed Combat
  6716 | D:8      | Found a transporter.
  6760 | D:8      | Noticed an orange demon
  6761 | D:8      | Noticed Amaemon
  6944 | D:8      | Reached ** piety under Qazlal
  6999 | D:8      | Amaemon changed into Amaemon the basilisk
  6999 | D:8      | Noticed Amaemon
  7008 | D:8      | Killed Amaemon the basilisk
  7043 | D:8      | Killed an orange demon
  7187 | D:8      | Found a glowing golden altar of the Shining One.
  7409 | D:8      | Found a snail-covered altar of Cheibriados.
  7729 | D:9      | Noticed a two-headed ogre
  7745 | D:9      | Killed a two-headed ogre
  7746 | D:9      | Reached skill level 14 in Unarmed Combat
  7828 | D:9      | Noticed a white ugly thing
  7838 | D:9      | Killed a red ugly thing
  7838 | D:9      | Reached *** piety under Qazlal
  7839 | D:9      | Reached XP level 11. HP: 66/70 MP: 11/11
  7922 | D:9      | Reached skill level 15 in Unarmed Combat
  8257 | D:9      | Found a runed translucent gate.
  8258 | D:9      | Found a runed translucent gate.
  8258 | D:9      | Found a runed translucent gate.
  8259 | D:9      | Noticed kskgo's ghost (novice DjFE)
  8259 | D:9      | Noticed Dado's ghost (journeyman GnWn)
  8259 | D:9      | Noticed pzskc383's ghost (journeyman GrFi)
  8271 | D:9      | Noticed a four-headed hydra
  8276 | D:9      | Killed a four-headed hydra
  8347 | D:9      | Found a shadowy altar of Dithmenos.
  8355 | D:9      | Found a staircase to the Orcish Mines.
  8879 | D:10     | Entered Level 10 of the Dungeon
  9595 | Gauntlet | Identified the "Sieficut"
  9596 | D:11     | Found a staircase to the Lair.
  9596 | D:11     | Noticed an oklob plant
  9750 | D:11     | Noticed a two-headed ogre
  9758 | D:11     | Killed a two-headed ogre
 10044 | D:11     | Noticed a two-headed ogre
 10056 | D:11     | Killed a two-headed ogre
 10057 | D:11     | Reached skill level 16 in Unarmed Combat
 10187 | D:11     | Noticed an oklob plant
 10422 | D:11     | Reached **** piety under Qazlal
 10734 | D:11     | Reached skill level 5 in Dodging
 10788 | D:11     | Noticed a two-headed ogre
 10796 | D:11     | Killed a two-headed ogre
 10797 | D:11     | Reached XP level 12. HP: 59/78 MP: 12/12
 11350 | Lair:1   | Entered Level 1 of the Lair of Beasts
 11495 | D:11     | Reached skill level 17 in Unarmed Combat
 11861 | Lair:1   | Noticed Joseph
 11868 | Lair:1   | Killed Joseph
 12740 | Lair:2   | Found a glowing silver altar of Zin.
 12813 | Lair:2   | Noticed an eight-headed hydra
 12910 | Lair:2   | Killed an eight-headed hydra
 12977 | Lair:2   | Noticed a skyshark
 12980 | Lair:2   | Reached skill level 18 in Unarmed Combat
 12986 | Lair:2   | Killed a skyshark
 12987 | Lair:2   | Reached XP level 13. HP: 77/83 MP: 13/13
 13004 | Lair:2   | Identified the +8 dagger of Brawling {venom, Str+3}
 13094 | Lair:2   | Found a staircase to the Snake Pit.
 13650 | Lair:2   | Reached ***** piety under Qazlal
 14068 | Lair:3   | Reached skill level 15 in Shapeshifting
 14284 | Lair:3   | Noticed stendehmen's ghost (journeyman DjFE)
 14357 | Lair:3   | Found a one-way gate to the infinite horrors of the Abyss.
 14361 | Lair:3   | Found a transporter.
 14397 | Lair:3   | Noticed Nergalle
 14414 | Lair:3   | Killed Nergalle
 14639 | Lair:3   | Reached skill level 10 in Dodging
 14690 | Lair:3   | Found a broken altar of Ashenzari.
 14735 | Lair:3   | Found a staircase to the Shoals.
 14772 | Lair:3   | Found a transporter.
 15057 | Lair:3   | Reached skill level 19 in Unarmed Combat
 15337 | Lair:4   | Reached skill level 1 in Invocations
 15572 | Lair:4   | Found a viscous altar of Jiyva.
 15626 | Lair:4   | Found a staircase to the Slime Pits.
 15699 | Lair:4   | Found a runed translucent door.
 15712 | Lair:4   | Noticed paps's ghost (journeyman DsGl)
 16129 | Lair:4   | Killed paps's ghost
 16167 | Lair:5   | Entered Level 5 of the Lair of Beasts
 16202 | Lair:5   | Reached XP level 14. HP: 90/90 MP: 16/16
 16494 | Lair:5   | Noticed a dire elephant
 16494 | Lair:5   | Noticed a dire elephant
 16494 | Lair:5   | Noticed a dire elephant
 16495 | Lair:5   | Noticed a dire elephant
 16574 | Lair:5   | Found a large runed translucent door.
 16574 | Lair:5   | Found a large runed translucent door.
 16579 | Lair:5   | Noticed gasfasgas's ghost (journeyman HuBe)
 16631 | Lair:5   | Found an ancient bone altar of Kikubaaqudgha.
 16666 | Lair:5   | Reached skill level 20 in Unarmed Combat
 17084 | Lair:5   | Reached skill level 5 in Invocations
 17654 | Orc:1    | Entered Level 1 of the Orcish Mines
 17843 | Orc:1    | Noticed Snorg
 17855 | Orc:1    | Killed Snorg
 18125 | Orc:2    | Entered Level 2 of the Orcish Mines
 18185 | Orc:2    | Found Uqev's Jewellery Shoppe.
 18252 | Orc:2    | Found a staircase to the Elven Halls.
 18316 | Orc:2    | Reached ****** piety under Qazlal
 18493 | Orc:2    | Paralysed by an orc sorcerer for 5 turns
 18547 | Orc:2    | Found Focamosch's Book Shoppe.
 18591 | Orc:2    | Found Fumnaruong's Antique Armour Emporium.
 18799 | Orc:2    | Found Idoril's Antique Weapon Shoppe.
 18799 | Orc:2    | Found Ibbenorr's Magic Scroll Shop.
 18801 | Orc:2    | Found Losut's Book Shop.
 18801 | Orc:2    | Found Riolaeg's Distillery.
 18815 | Orc:2    | Bought a potion of berserk rage for 65 gold pieces
 19100 | Orc:1    | Noticed Erica
 19120 | Orc:1    | Killed Erica
 19341 | Shoals:1 | Entered Level 1 of the Shoals
 19358 | Shoals:1 | Reached skill level 21 in Unarmed Combat
 19390 | Shoals:1 | Reached XP level 15. HP: 77/101 MP: 18/18
 19613 | Shoals:1 | Reached skill level 5 in Fighting
 19767 | Shoals:1 | Noticed a kraken
 19944 | Shoals:2 | Noticed Polyphemus
 20211 | Shoals:1 | Slain by a skyshark

Illustrated notes

Levels and vault maps discovered:
D:1:      lemuel_arrival_rhombus, layout_basic
D:2:      layout_basic
D:3:      layout_basic, nicolae_overflow_quartered_altars,
          shapermc_ecumenical_altar_totnotflames, due_unseen_surprise,
          uniq_sigmund
D:4:      layout_basic, uniq_edmund
D:5:      layout_loops_cross, mainiacjoe_overflow_brackets,
          general_overflow_altar
D:6:      layout_basic, kennysheep_generic_room_5
D:7:      layout_cave_pools, temple_pool_b, serial_column_ruins,
          column_ruins_temple_circle, column_ruins_open_tiny,
          column_ruins_grid_1, column_ruins_open_small,
          column_ruins_columns_straight, nzn_random_ring
D:8:      layout_layer_cave, mainiacjoe_overflow_cross_hatched,
          mainiacjoe_overflow_24_doors, gammafunk_ghost_gnarly_gnolls,
          uniq_amaemon
D:9:      minmay_ornate_pinched, layout_loops_ring,
          grunt_dithmenos_smoke_and_mirrors, orc_0_dummy,
          gammafunk_ghost_cemetery, minmay_microvault
D:10:     layout_irregular_city, kennysheep_path_1
D:11:     layout_long_grid, dpeg_oklobed_lair, gauntlet_entry_generic,
          kennysheep_small_circle
Temple:   cyrus_circular_temple
Lair:1:   layout_small_grid, uniq_joseph
Lair:2:   layout_hall_layers, minmay_snake_entry_six_corridors, basic_altar,
          infiniplex_staircase_pool
Lair:3:   layout_cave_pods, mainiacjoe_shoals_entry_four_pools,
          gammafunk_ghost_abyssal_escape, basic_altar, minivault_27,
          serial_bayou_shore_b, uniq_nergalle
Lair:4:   layout_roguey, nicolae_slime_entry_field_trip,
          ebering_ghost_reflecting_pool
Lair:5:   due_jungle_book, layout_hall_layers, ebering_ghost_disaster_area,
          basic_altar
Shoals:1: layout_shoals, gammafunk_ghost_tricky_traps
Shoals:2: layout_shoals, uniq_polyphemus, uniq_frances
Orc:1:    layout_caves, nicolae_orc_pool_cavern, uniq_snorg, uniq_erica
Orc:2:    grunt_orc_tribal_feast, layout_caves, serial_shops,
          nicolae_shop_statue_plus, shop, nicolae_shop_real_fake_doors

Skill      XL: |  1  2  3  4  5  6  7  8  9 10 11 12 13 14 15 |
---------------+----------------------------------------------+-----
Unarmed Combat | 4 5 6 7 8 10 12 14 16 18 19 21 | 21.6
Shapeshifting  | 5 6 7 8 10 12 13 14 15 16 17 | 17.3
Fighting       | 2 4 6 |  6.0
Dodging        | 5 8 10 | 10.4
Invocations    | 2 5 |  5.2

Action                     |  1- 3 |  4- 6 |  7- 9 | 10-12 | 13-15 || total
---------------------------+-------+-------+-------+-------+-------++-------
  Melee: Unarmed           |    67 |    62 |   289 |   597 |   711 ||  1726
         Punch             |     1 |     2 |     5 |       |    34 ||    42
         Tailslap          |       |       |       |    15 |     9 ||    24
 Invoke: Upheaval          |       |       |       |     2 |     7 ||     9
Ability: Begin Untransform |     2 |     1 |     1 |       |       ||     4
  Evoke: Wand              |       |     8 |    35 |    35 |     4 ||    82
    Use: Scroll            |     8 |     4 |     8 |     3 |     5 ||    28
         Potion            |     1 |     1 |       |     6 |     2 ||    10
   Stab: Sleeping          |     5 |       |     2 |       |       ||     7
         Fleeing           |       |       |       |       |     1 ||     1
 Armour: Animal skin       |    19 |    22 |    95 |       |       ||   136
         Skin              |       |    17 |       |       |       ||    17
         Steam dragon scal |       |       |    33 |   267 |   313 ||   613
  Dodge: Dodged            |    50 |    30 |   222 |   336 |   355 ||   993
         Repelled          |       |       |       |     1 |     3 ||     4
  Block: Other             |       |       |       |    76 |   155 ||   231
   Form: Beast             |     2 |     1 |       |       |       ||     3
         Flux              |       |       |     1 |       |     1 ||     2
         Blade             |       |       |       |       |     2 ||     2

Table legend: (Time is in decaauts)
 A = Elapsed time spent in this place.
 B = Non-inter-level travel time spent in this place.
 C = Inter-level travel time spent in this place.
 D = Time resting spent in this place.
 E = Time spent auto-exploring this place.
 F = Levels seen in this place.
 G = Mean time per level.
                   A        B        C        D        E       F      G
               +--------+--------+--------+--------+--------+-----+--------+
         Total |  19473 |  18811 |    662 |   2885 |  10846 |  21 |  927.3 |
       Dungeon |  11315 |  10965 |    350 |   1862 |   6677 |  11 | 1028.6 |
        Temple |    111 |    111 |      0 |      0 |      0 |   1 |  111.0 |
          Lair |   5934 |   5700 |    234 |    804 |   3464 |   5 | 1186.8 |
        Shoals |    579 |    579 |      0 |     90 |      0 |   2 |  289.5 |
  Orcish Mines |   1532 |   1455 |     77 |    129 |    704 |   2 |  766.0 |
               +--------+--------+--------+--------+--------+-----+--------+

Top non-repeatable levels by time:
    D:11: 1908 daAuts
  Lair:3: 1357 daAuts
  Lair:5: 1276 daAuts
     D:9: 1275 daAuts
  Lair:2: 1193 daAuts
  Lair:1: 1175 daAuts
     D:3: 1136 daAuts
     D:7: 1043 daAuts
     D:4: 1020 daAuts
     D:6: 937 daAuts
   Orc:2: 935 daAuts
  Lair:4: 931 daAuts
     D:8: 920 daAuts
     D:1: 897 daAuts
    D:10: 816 daAuts
